 Dungeon Crawl Stone Soup version 0.29-a0-231-g945431f764 (webtiles) character file.

Game seed: 15029337363478707336

14789 avis the Severer (level 12, -3/108 HPs)
             Began as a Hill Orc Monk on Mar 1, 2022.
             Was an Elder of Beogh.
             Slain by a large abomination (25 damage)
             ... on level 2 of the Abyss.
             The game lasted 01:36:01 (17177 turns).

avis the Severer (Hill Orc Monk)                   Turns: 17177, Time: 01:36:02

Health: -3/108     AC: 23    Str: 19    XL:     12   Next: 20%
Magic:  17/17      EV:  9    Int: 13    God:    Beogh [****..]
Gold:   98         SH:  0    Dex: 13    Spells: 11/11 levels left

rFire   . . .      SeeInvis .   w - +1 morningstar (protect)
rCold   + . .      Faith    +   (no shield)
rNeg    + . .      Spirit   .   N - +1 chain mail {rC+}
rPois   +          Reflect  .   U - +2 helmet {Int+3}
rElec   .          Harm     .   F - +0 cloak
rCorr   .          Rampage  .   (no gloves)
Will    .....                   G - +0 pair of boots
Stlth   ..........              e - amulet of faith
HPRegen 0.28/turn               p - ring of positive energy
MPRegen 0.15/turn               Y - ring of poison resistance

@: under a protective aura
A: no striking features
a: Renounce Religion, Smiting, Recall Orcish Followers


You were on level 2 of the Abyss.
You worshipped Beogh.
Beogh was greatly pleased with you.
You visited 2 branches of the dungeon, and saw 12 of its levels.
You visited the Abyss 1 time.
You also visited: Ossuary.

You collected 473 gold pieces.
You spent 375 gold pieces at shops.

Inventory:

Hand Weapons
 a - a +0 demon whip of venom
 b - a +3 war axe
 w - a +1 morningstar of protection (weapon)
 x - a +1 spear of distortion
Missiles
 h - 3 atropa-tipped darts
 m - 25 stones
 q - 3 javelins
 v - 12 poisoned darts
 J - 5 boomerangs
Armour
 C - a +0 plate armour
 F - a +0 cloak (worn)
 G - a +0 pair of boots (worn)
 N - a +1 chain mail of cold resistance (worn)
 U - a +2 helmet of intelligence (worn)
Jewellery
 e - an amulet of faith (around neck)
 p - a ring of positive energy (left hand)
 Y - a ring of poison resistance (right hand)
Wands
 l - a wand of mindburst (7) (quivered)
 u - a wand of flame (15)
 L - a wand of paralysis (3)
 S - a wand of digging (8)
 V - a wand of charming (6)
Scrolls
 g - a scroll of immolation {unknown}
 j - 2 scrolls of brand weapon {unknown}
 n - a scroll of magic mapping {unknown}
 o - a scroll of acquirement {unknown}
 r - a scroll of blinking {unknown}
 s - 2 scrolls of fog {unknown}
 t - 5 scrolls of amnesia {unknown}
 y - a scroll of torment {unknown}
 z - 2 scrolls of noise {unknown}
 A - 3 scrolls of fear {unknown}
 D - a scroll of vulnerability {unknown}
 E - 6 scrolls of teleportation {unknown}
 M - 2 scrolls of enchant armour {unknown}
Potions
 c - 3 potions of curing
 d - 2 potions of cancellation
 f - a potion of flight
 i - 3 potions of haste
 k - a potion of mutation
 B - 2 potions of brilliance
 X - 2 potions of ambrosia


   Skills:
 * Level 10.8 Fighting
 - Level 18.0(18.6) Axes
 - Level 6.7(12.0) Maces & Flails
 - Level 5.0 Armour
 - Level 5.0 Dodging
 - Level 1.5 Stealth
 + Level 6.8 Invocations


You had 11 spell levels left.
You didn't know any spells.
Your spell library contained the following spells:

 Spells                   Type           Power      Damage    Failure   Level
 Magic Dart               Conj           0%         1d3       97%         1
 Slow                     Hex            0%         N/A       97%         1
 Ensorcelled Hibernation  Hex/Ice        0%         N/A       99%         2
 Passwall                 Tmut/Erth      0%         N/A       99%         2
 Searing Ray              Conj           0%         2d4       99%         2
 Confusing Touch          Hex            0%         N/A       100%        3
 Inner Flame              Hex/Fire       0%         N/A       100%        3
 Mephitic Cloud           Conj/Pois/Air  0%         N/A       100%        3
 Stone Arrow              Conj/Erth      0%         3d7       100%        3
 Summon Guardian Golem    Hex/Summ       0%         N/A       100%        3
 Swiftness                Air            0%         N/A       100%        3
 Tukima's Dance           Hex            0%         N/A       100%        3
 Vampiric Draining        Necr           0%         2d6       100%        3
 Anguish                  Hex/Necr       0%         N/A       100%        4
 Cause Fear               Hex            0%         N/A       100%        4
 Fulminant Prism          Conj/Hex       0%         3d6       100%        4
 Leda's Liquefaction      Hex/Erth       0%         N/A       100%        4
 Lee's Rapid Deconstruct  Erth           0%         3d5*      100%        5
 Lightning Bolt           Conj/Air       0%         1d11      100%        5
 Silence                  Hex/Air        0%         N/A       100%        5
 Statue Form              Tmut/Erth      0%         N/A       100%        6
 Enfeeble                 Hex            0%         N/A       100%        7
 Orb of Destruction       Conj           0%         9d5       100%        7
 Spellforged Servitor     Conj/Summ      0%         N/A       100%        7
 Discord                  Hex            0%         N/A       100%        8
 Maxwell's Capacitive Co  Air            0%         ∞         100%        8


Dungeon Overview and Level Annotations

Branches:
Dungeon (11/15)            Temple (1/1) D:4            Lair (0/6) D:11
Ossuary (visited)
    Orc: D:9-12

Altars:
Cheibriados
Elyvilon
Fedhas
Gozag
Kikubaaqudgha
Vehumet
Xom
Zin

Shops:
D:2 !   D:4 [[[*   D:8 [

Annotations:
D:5 2 transporters, benadryl's ghost, amateur FoHu


Message History

You feel a bit more experienced.
You hear some strange, mumbled words.
Things that are here:
a +0 dagger; a +0 robe
There is an open door here.
You swap places.
Something hits you but does no damage.
Deactivating autopickup; reactivate with Ctrl-A.
You are cast into the Abyss!
This branch contains the abyssal rune of Zot.
Reactivating autopickup.
There is an open door here.
There is an open door here.
A large abomination comes into view.
You hit the large abomination but do no damage.
The large abomination closely misses you.
You hit the large abomination but do no damage.
You hit the large abomination but do no damage.
The large abomination hits you!!
You hit the large abomination.
The large abomination is lightly damaged.
You hit the large abomination.
The large abomination is moderately damaged.
The large abomination hits you but does no damage.
You hit the large abomination but do no damage.
The large abomination is moderately damaged.
You hit the large abomination but do no damage.
The large abomination is moderately damaged.
The large abomination hits you!!
* * * LOW HITPOINT WARNING * * *
You hit the large abomination but do no damage.
The large abomination is moderately damaged.
Your +0 demon whip of venom stops dripping with poison.
Your +1 morningstar of protection hums with potential!
w - a +1 morningstar of protection (weapon)
The large abomination misses you.
You hit the large abomination.
Your weapon exudes an aura of protection.
The large abomination is moderately damaged.
The large abomination hits you!!
You die...

. #§ .≈≈#'#.###≈≈...
.......≈#......§.§.
..§.≈.##.... .≈.## ###
.#..#.≈≈≈...≈..≈...##..#
.........# ...#.≈..#...
..... .§≈..#§..#....#
......... ......≈.#
........ .#.. .#..#..#
≈#......'....#@#..# .
... ... ....#X# ##
.#.#......######.# .
...#### ..# .## ### ...
. ...# .#.. ..###


You could see a large abomination.

Vanquished Creatures
  Josephine (D:11)
  A boulder beetle (D:10)
  A hydra (D:11)
  A two-headed ogre (D:11)
  4 death yaks (D:10)
  A wizard (D:11)
  An orange demon (D:8)
  A kobold demonologist (D:8)
  Joseph (D:8)
  2 trolls
  2 hornets
  A vampire (D:11)
  A wyvern (D:8)
  2 wraiths
  11 yaks
  A vampire mosquito (D:10)
  An acid dragon (D:10)
  3 water moccasins
  2 ice beasts
  An orc warrior (D:10)
  An ogre (D:5)
  12 centaurs
  2 phantoms (D:6)
  Blork the orc (D:4)
  An elf zombie (Ossuary)
  A kobold brigand (D:7)
  2 necrophages
  2 scorpions
  8 wights
  3 howler monkeys
  3 jellies
  A gnoll shaman (D:7)
  3 hounds
  Crazy Yiuf (D:4)
  An iguana (D:7)
  4 orc wizards
  3 mummies (Ossuary)
  5 gnolls (D:7)
  11 adders
  3 white imps
  2 ufetubi
  3 worms
  4 dart slugs
  18 orcs
  8 endoplasms
  4 giant cockroaches
  8 goblins
  4 hobgoblins
  7 jackals
  A quokka (D:3)
  8 ball pythons
  7 bats
  2 frilled lizards
  A gnoll zombie (Ossuary)
  3 goblin zombies (Ossuary)
  3 hobgoblin zombies (Ossuary)
  11 kobolds
  2 kobold zombies (Ossuary)
  6 rats
209 creatures vanquished.

Vanquished Creatures (collateral kills)
  2 death yaks (D:10)
  Amaemon (D:8)
  A deep elf pyromancer (D:11)
  An ugly thing (D:11)
  2 trolls (D:10)
  3 wraiths (D:11)
  A wyvern (D:9)
  A vampire (D:11)
  4 yaks
  2 fire elementals (D:11)
  A vampire mosquito (D:10)
  2 orc warriors
  3 centaurs
  A wight (D:9)
  A howler monkey (D:9)
  An orc priest (D:8)
  3 orcs
30 creatures vanquished.

Vanquished Creatures (others)
  5 orc warriors
  3 orc priests
  4 orc wizards
  4 orcs
  3 plants (D:3)
19 creatures vanquished.

Grand Total: 258 creatures vanquished

Notes
Turn   | Place    | Note
-------+----------+-------------------------------------------
     0 | D:1      | avis the Hill Orc Monk began the quest for the Orb.
     0 | D:1      | Reached XP level 1. HP: 19/19 MP: 1/1
   216 | D:1      | Reached XP level 2. HP: 25/27 MP: 2/2
   496 | D:1      | Reached skill level 5 in Fighting
   496 | D:1      | Reached XP level 3. HP: 28/36 MP: 3/3
   647 | D:1      | Found a faded altar of an unknown god.
   647 | D:1      | Noticed a golden eye
   649 | D:1      | Noticed an eye of devastation
   651 | D:1      | Noticed a great orb of eyes
   651 | D:1      | Noticed a great orb of eyes
  1093 | D:1      | Reached skill level 5 in Axes
  1093 | D:1      | Reached XP level 4. HP: 30/42 MP: 4/4
  1208 | D:2      | Found an opulent altar of Gozag.
  1373 | D:2      | Found Callimik's Distillery.
  1864 | D:2      | Bought a potion of curing for 39 gold pieces
  1864 | D:2      | Bought a potion of degeneration for 13 gold pieces
  1864 | D:2      | Bought a potion of lignification for 39 gold pieces
  2108 | D:3      | Reached skill level 6 in Axes
  2137 | D:3      | Reached XP level 5. HP: 45/48 MP: 5/5
  2276 | D:3      | Found a snail-covered altar of Cheibriados.
  2715 | D:4      | Found a staircase to the Ecumenical Temple.
  2800 | D:4      | Found Esitifeck's Antique Armour Boutique.
  2842 | D:4      | Reached skill level 7 in Axes
  2843 | D:4      | Became a worshipper of Beogh the Brigand
  2843 | D:4      | Reached * piety under Beogh
  2843 | D:4      | Reached ** piety under Beogh
  2863 | D:4      | Found Idonk's Antique Armour Shop.
  2874 | D:4      | HP: 1/48 [acid (6)]
  3139 | D:4      | Found Luenemes's General Store.
  3253 | D:4      | Reached XP level 6. HP: 54/56 MP: 6/6
  3310 | D:4      | Found a sand-covered staircase.
  3317 | Ossuary  | Entered an ossuary
  3317 | Ossuary  | Noticed a wraith
  3317 | Ossuary  | Noticed a wraith
  3317 | Ossuary  | Noticed a wraith
  3364 | Ossuary  | Reached skill level 8 in Axes
  3640 | Ossuary  | Noticed a wraith
  3655 | Ossuary  | Killed a wraith
  3656 | Ossuary  | Reached skill level 9 in Axes
  3656 | Ossuary  | Reached XP level 7. HP: 20/61 MP: 7/7
  4133 | D:4      | Found a runed translucent door.
  4134 | D:4      | Noticed Crazy Yiuf
  4142 | D:4      | Killed Crazy Yiuf
  4143 | D:4      | Reached skill level 1 in Invocations
  4311 | D:4      | Noticed Blork the orc
  4322 | D:4      | Killed Blork the orc
  4332 | Temple   | Entered the Ecumenical Temple
  4596 | D:4      | Found Anual's Antique Armour Shop.
  4714 | D:5      | Entered Level 5 of the Dungeon
  4719 | D:5      | Reached skill level 10 in Axes
  4738 | D:5      | Found a blossoming altar of Fedhas.
  5184 | D:5      | Reached XP level 8. HP: 61/68 MP: 10/10
  5285 | D:5      | Noticed a hornet
  5289 | D:5      | Noticed benadryl's ghost (amateur FoHu)
  5300 | D:5      | Found a transporter.
  5304 | D:5      | Found a transporter.
  5507 | D:5      | Reached skill level 11 in Axes
  6521 | D:6      | Reached skill level 12 in Axes
  6521 | D:6      | Reached skill level 5 in Invocations
  7927 | D:7      | Reached *** piety under Beogh
  7928 | D:7      | Reached skill level 13 in Axes
  7928 | D:7      | Reached XP level 9. HP: 68/74 MP: 13/13
  8596 | D:4      | Bought a glowing chain mail for 142 gold pieces
  9516 | D:8      | Found Nuat's Armour Emporium.
  9516 | D:8      | Noticed a kobold demonologist
  9528 | D:8      | Reached skill level 14 in Axes
  9531 | D:8      | Killed a kobold demonologist
  9959 | D:8      | Found a shimmering altar of Xom.
  9964 | D:8      | Noticed an orange demon
  9965 | D:8      | Noticed Amaemon
  9972 | D:8      | Killed Amaemon
  9973 | D:8      | Reached skill level 15 in Axes
  9990 | D:8      | Reached XP level 10. HP: 72/88 MP: 3/14
 10022 | D:8      | Killed an orange demon
 10180 | D:8      | Reached skill level 16 in Axes
 10579 | D:8      | Noticed Joseph
 10598 | D:8      | Killed Joseph
 11041 | D:9      | Found a glowing silver altar of Zin.
 12380 | D:10     | Entered Level 10 of the Dungeon
 12462 | D:10     | Reached **** piety under Beogh
 12512 | D:10     | Reached skill level 17 in Axes
 12526 | D:10     | Reached skill level 10 in Fighting
 12556 | D:10     | Reached XP level 11. HP: 37/99 MP: 15/15
 12576 | D:10     | Reached skill level 18 in Axes
 12582 | D:10     | Reached skill level 1 in Maces & Flails
 13027 | D:10     | Noticed a boulder beetle
 13041 | D:10     | Killed a boulder beetle
 13748 | D:4      | Bought a shiny helmet for 142 gold pieces
 13981 | D:11     | Reached skill level 5 in Maces & Flails
 14031 | D:11     | Noticed a death yak
 14084 | D:10     | Killed a death yak
 14339 | D:11     | Noticed a death yak
 14342 | D:11     | Noticed a death yak
 14342 | D:11     | Noticed a death yak
 14346 | D:11     | Noticed a death yak
 14348 | D:11     | Noticed a death yak
 14578 | D:10     | Killed a death yak
 14590 | D:10     | Killed a death yak
 14592 | D:10     | HP: 4/148 [death yak (20)]
 14606 | D:10     | Killed a death yak
 14938 | D:10     | HP: 2/99 [death yak (9)]
 14941 | D:10     | Killed a death yak
 14945 | D:10     | Killed a death yak
 14945 | D:10     | Gained Jorge as an ally
 15347 | D:11     | Found a staircase to the Lair.
 15382 | D:11     | Found a white marble altar of Elyvilon.
 15382 | D:11     | Noticed a two-headed ogre
 15383 | D:11     | Noticed a seven-headed hydra
 15389 | D:11     | Killed a two-headed ogre
 15390 | D:11     | Reached skill level 5 in Dodging
 15390 | D:11     | Reached skill level 1 in Armour
 15398 | D:11     | Killed an eight-headed hydra
 15642 | D:11     | Noticed Josephine
 15653 | D:11     | Killed Josephine
 15654 | D:11     | Reached XP level 12. HP: 65/106 MP: 16/16
 15664 | D:11     | Reached skill level 5 in Armour
 17116 | D:11     | Got the Almanac of Air
 17118 | D:11     | Got Sif Muna's Reference Book on the Rocks and
                  | Transformation
 17125 | D:11     | Cast into level 2 of the Abyss (wizard)
 17177 | Abyss:2  | Slain by a large abomination

Illustrated notes

Levels and vault maps discovered:
D:1:      lemuel_arrival_tunnels, layout_rooms,
          hellmonk_ecumenical_altar_watching_god, minmay_box_of_dots
D:2:      layout_rooms, basic_altar, serial_shops, nicolae_shop_statue_plus,
          minmay_misc_feat_tower
D:3:      layout_loops_ring, kennysheep_slug_shrine, saegor_snake_ambush
D:4:      layout_cave_pools, minmay_temple_entry_glass, serial_shops,
          nicolae_shop_overgrown_old_shop, nicolae_shop_trees,
          nicolae_diamond_shop, nicolae_shop_behind_doors,
          chequers_ossuary_entry_cave, uniq_crazy_yiuf_cottage,
          uniq_blork_the_orc
D:5:      layout_cave_pools, fedhas_bush_and_centaur_altar, gammafunk_ghost_hive
D:6:      layout_layer_cave, minmay_misc_feat_more_columns,
          serial_bayou_crossing
D:7:      layout_loops_corners, supply_closet_lemuel
D:8:      layout_loops_corners, lemuel_round_altar, kennysheep_windowed_goal,
          uniq_joseph, uniq_amaemon
D:9:      layout_loops_ring, amcnicky_altar_gilded
D:10:     layout_basic, nzn_sisyphean_effort
D:11:     cheibrodos_lost_city_excavation, layout_gridville, dpeg_lair_monsters,
          elyvilon_altar_5, uniq_josephine
Temple:   compressed_dpeg_circular_temple
Abyss:2:  base:
D:11

Skill      XL: |  1  2  3  4  5  6  7  8  9 10 11 12 |
---------------+-------------------------------------+-----
Fighting       | 4 5 7 10 | 10.8
Axes           | 5 6 7 9 10 13 15 17 18 | 18.0
Invocations    | 3 6 |  6.8
Maces & Flails | 6 |  6.7
Dodging        | 5 |  5.0
Armour         | 4 5 |  5.0
Stealth        | |  1.5

Action                   |  1- 3 |  4- 6 |  7- 9 | 10-12 || total
-------------------------+-------+-------+-------+-------++-------
Melee: Hand axe          |   133 |   158 |   226 |    23 ||   540
       Punch             |     2 |     1 |     7 |     4 ||    14
       War axe           |       |    50 |    56 |    77 ||   183
       Demon whip        |       |       |       |   279 ||   279
       Morningstar       |       |       |       |     1 ||     1
Throw: Stone             |       |     2 |       |       ||     2
Invok: Convert to Beogh  |       |     1 |       |       ||     1
       Smiting           |       |       |     4 |     4 ||     8
Evoke: Wand              |       |       |     8 |     9 ||    17
  Use: Scroll            |       |     1 |     5 |     2 ||     8
       Potion            |       |     1 |     2 |    12 ||    15
 Stab: Distracted        |       |       |     1 |       ||     1
Armor: Robe              |    11 |       |       |       ||    11
       Scale mail        |    27 |    77 |    17 |       ||   121
       Chain mail        |       |       |    94 |   169 ||   263
       Skin              |       |       |       |     2 ||     2
Dodge: Dodged            |    75 |    90 |    91 |   126 ||   382

Table legend: (Time is in decaauts)
 A = Elapsed time spent in this place.
 B = Non-inter-level travel time spent in this place.
 C = Inter-level travel time spent in this place.
 D = Time resting spent in this place.
 E = Time spent auto-exploring this place.
 F = Levels seen in this place.
 G = Mean time per level.
                   A        B        C        D        E       F      G
               +--------+--------+--------+--------+--------+-----+--------+
         Total |  17067 |  15163 |   1904 |   5436 |   6327 |  14 | 1219.1 |
       Dungeon |  16195 |  14291 |   1904 |   5081 |   6310 |  11 | 1472.3 |
        Temple |     59 |     59 |      0 |      0 |      0 |   1 |   59.0 |
         Abyss |     47 |     47 |      0 |      0 |      0 |   1 |   47.0 |
       Ossuary |    765 |    765 |      0 |    354 |     17 |   1 |  765.0 |
               +--------+--------+--------+--------+--------+-----+--------+

Top non-repeatable levels by time:
    D:10: 2164 daAuts
     D:7: 1902 daAuts
    D:11: 1861 daAuts
     D:8: 1835 daAuts
     D:6: 1507 daAuts
     D:4: 1506 daAuts
     D:9: 1483 daAuts
     D:1: 1273 daAuts
     D:5: 1095 daAuts
     D:3: 853 daAuts
 Ossuary: 765 daAuts
     D:2: 711 daAuts
  Temple: 59 daAuts
 Abyss:2: 47 daAuts
